 Dungeon Crawl Stone Soup version 0.30-a0-600-gb7c8574cbb (webtiles) character file.

Game seed: 2026699583772202209

294 M4edhros the Charlatan (level 6, -3/40 (41) HPs)
             Began as an Octopode Artificer on Jan 7, 2023.
             Slain by a necrophage (5 damage)
             ... on level 5 of the Dungeon.
             The game lasted 00:02:18 (660 turns).

M4edhros the Charlatan (Octopode Artificer)          Turns: 660, Time: 00:02:19

HP:   -3/40 (41)    AC:  1    Str: 11    XL:     6   Next: 33%
MP:   6/6           EV: 14    Int: 12    God:
Gold: 21            SH:  0    Dex: 14    Spells: 5/5 levels left

rFire   . . .      SeeInvis .      - Unarmed
rCold   . . .      Faith    .    (no shield)
rNeg    . . .      Spirit   .    (helmet restricted)
rPois   .          Reflect  .    (no amulet)
rElec   .          Harm     .    (no ring)
rCorr   .          Rampage  .    (no ring)
Will    .....                    (no ring)
Stlth   +++                      (no ring)
HPRegen 0.26/turn                (no ring)
MPRegen 0.10/turn                (no ring)
                                 (no ring)
                                 (no ring)

@: lightly drained
A: almost no armour, amphibious, 8 rings, camouflage 1, gelatinous body 1,
(nimble swimmer 1), tentacles, dopey 1
a: no special abilities


You were on level 5 of the Dungeon.
You visited 1 branch of the dungeon, and saw 5 of its levels.

You collected 21 gold pieces.

Inventory:

Missiles
 f - 6 poisoned darts
Wands
 b - a wand of flame (10) (quivered)
 c - a wand of charming (6)
 d - a wand of iceblast (5)
Scrolls
 g - a scroll of acquirement {unknown}
Potions
 a - a potion of mutation
 e - a potion of cancellation {unknown}
 h - a potion of degeneration {unknown}


   Skills:
 + Level 2.4 Fighting
 + Level 3.4 Dodging
 + Level 3.6 Stealth
 * Level 3.3 Unarmed Combat
 + Level 4.2 Evocations


You had 5 spell levels left.
You didn't know any spells.
Your spell library contained the following spells:

 Spells                   Type           Power      Damage    Failure   Level
 Frozen Ramparts          Ice            0%         1d1       69%         3
 Ice Form                 Ice/Tmut       0%         N/A       97%         4
 Summon Ice Beast         Ice/Summ       0%         N/A       97%         4


Dungeon Overview and Level Annotations

Branches:
Dungeon (5/15)
 Temple: D:4-7

Altars:
Nemelex Xobeh


Innate Abilities, Weirdness & Mutations

You cannot wear most types of armour.
You are amphibious.
You can wear up to eight rings at the same time.
Your skin changes colour to match your surroundings (Stealth+).
Your rubbery body absorbs attacks. (AC +1, EV +1)
((You are camouflaged when in or above water. (Stealth+)))
You have tentacles for arms and can constrict up to eight enemies at once.
You are dopey. (Int -2)


Message History

You see here a +0 spear.
You hear the hiss of a very distant avalanche of sand.
You hear the brisk hiss of a very distant avalanche of sand.
HP restored.
A necrophage comes into view.
Found a gold wand.
A necrophage is nearby!
An ogre comes into view. It is wielding a +0 giant club.
An iguana comes into view.
You tentacle-slap the necrophage. You grab the necrophage.
The necrophage is moderately damaged.
You constrict the necrophage.
The iguana hisses angrily.
Aiming: Charm
Press: ? - help, Shift-Dir - straight line, f - iguana
Aim: an iguana (chance to affect: 67%)
The iguana struggles to resist.
You constrict the necrophage. The necrophage closely misses you.
Aiming: Charm
Press: ? - help, Shift-Dir - straight line, f/p - iguana
Aim: an iguana (chance to affect: 67%)
The iguana is charmed.
You constrict the necrophage. The necrophage barely misses you.
You tentacle-slap the necrophage but do no damage.
The necrophage is heavily damaged.
You constrict the necrophage. The necrophage hits you.
You feel drained.
You release your grip on the necrophage.
The necrophage attacks as you move away!
The necrophage barely misses you.
Your iguana closely misses the necrophage.
The necrophage attacks as you move away!
The necrophage hits you.
Unknown command.
The ogre attacks as you move away!
The ogre hits you with a +0 giant club!!
Ouch! That really hurt!
* * * LOW HITPOINT WARNING * * *
The necrophage attacks as you move away!
The necrophage hits you.
You die...

##........))....#................
#.............##.#...#...#...#...
....##.....#.....................
###............###...#...#...#...
###...#.###....................
#####.#...###....################
.....).........#..<)).#
......)....#.......##)#
....)......#....@####.#####
...>...........On## #.....#
.....###.#.#....l.# #####......#
.....# #................ ......#
..#### ###............## ......#
.. ###..........# ####### #
......../...# .............#
..#..........#


You could see an ogre, a necrophage (ally target) and a friendly iguana
(charmed).

Vanquished Creatures
  An ice beast (D:5)
  A howler monkey (D:5)
  2 orc priests
  An iguana (D:5)
  2 gnolls (D:5)
  An adder (D:4)
  4 orcs
  4 endoplasms
  A giant cockroach (D:3)
  A quokka (D:2)
  A bat (D:1)
  2 rats
21 creatures vanquished.

Vanquished Creatures (collateral kills)
  A jelly (D:5)
  A gnoll (D:5)
  An orc (D:5)
3 creatures vanquished.

Vanquished Creatures (others)
  A scorpion (D:5)
  A jelly (D:5)
  A gnoll (D:5)
  An orc (D:5)
4 creatures vanquished.

Grand Total: 28 creatures vanquished

Notes
Turn   | Place    | Note
-------+----------+-------------------------------------------
     0 | D:1      | M4edhros the Octopode Artificer began the quest for the
                  | Orb.
     0 | D:1      | Reached XP level 1. HP: 13/13 MP: 1/1
   189 | D:2      | Reached XP level 2. HP: 18/18 MP: 2/2
   218 | D:4      | Reached skill level 1 in Unarmed Combat
   218 | D:4      | Reached XP level 3. HP: 23/23 MP: 3/3
   239 | D:4      | Gained mutation: You are dopey. (Int -2) [potion of
                  | mutation]
   316 | D:4      | Noticed a scorpion
   331 | D:5      | Entered Level 5 of the Dungeon
   340 | D:5      | Reached XP level 4. HP: 28/28 MP: 4/4
   341 | D:5      | Noticed a scorpion
   351 | D:5      | Noticed an ice beast
   369 | D:5      | Killed an ice beast
   370 | D:5      | Reached skill level 4 in Evocations
   370 | D:5      | Reached XP level 5. HP: 24/34 MP: 5/5
   398 | D:5      | Reached XP level 6. HP: 36/39 MP: 6/6
   460 | D:5      | Found a sparkling altar of Nemelex Xobeh.
   660 | D:5      | HP: 2/40 [ogre/+0 giant club (27)]
   660 | D:5      | Slain by a necrophage

Illustrated notes

Levels and vault maps discovered:
D:1:      minmay_arrival_diagonal_passages, layout_basic
D:2:      layout_rooms, kennysheep_generic_room_2, uniq_sigmund, uniq_robin
D:3:      layout_rooms, minmay_increasing_density
D:4:      layout_loops_ring, minmay_temple_entry_waves
D:5:      layout_rooms, lemuel_coloured_pillars_altar, enter_ossuary_1

Skill      XL: |  1  2  3  4  5 |
---------------+----------------+-----
Stealth        | 2 3 |  3.6
Unarmed Combat | 1 2 3 |  3.3
Fighting       | 2 |  2.4
Dodging        | 3 |  3.4
Evocations     | 4 |  4.2

Action                   |  1- 3 |  4- 6 || total
-------------------------+-------+-------++-------
Melee: Unarmed           |    34 |    20 ||    54
       Tentacles         |    12 |     1 ||    13
       Constrict         |     9 |     6 ||    15
Evoke: Wand              |     3 |    11 ||    14
  Use: Potion            |     2 |       ||     2
 Stab: Sleeping          |     4 |       ||     4
       Distracted        |       |     1 ||     1
Armor: Skin              |     1 |       ||     1
Dodge: Dodged            |    16 |    16 ||    32

Table legend: (Time is in decaauts)
 A = Elapsed time spent in this place.
 B = Non-inter-level travel time spent in this place.
 C = Inter-level travel time spent in this place.
 D = Time resting spent in this place.
 E = Time spent auto-exploring this place.
 F = Levels seen in this place.
 G = Mean time per level.
                   A        B        C        D        E       F      G
               +--------+--------+--------+--------+--------+-----+--------+
         Total |    657 |    634 |     23 |      5 |    337 |   5 |  131.4 |
       Dungeon |    657 |    634 |     23 |      5 |    337 |   5 |  131.4 |
               +--------+--------+--------+--------+--------+-----+--------+

Top non-repeatable levels by time:
     D:5: 327 daAuts
     D:1: 127 daAuts
     D:4: 119 daAuts
     D:2: 69 daAuts
     D:3: 13 daAuts
